 Dungeon Crawl Stone Soup version 0.23.2 (webtiles) character file.

Game seed: 16863817965996463443

68608 lysyklops the Severer (level 14, -1/132 HPs)
             Began as a Minotaur Fighter on Apr 6, 2019.
             Was the Champion of Okawaru.
             Slain by an orc knight
             ... wielding a +0 long sword
              (10 damage)
             ... on level 1 of the Orcish Mines.
             The game lasted 00:45:39 (16891 turns).

lysyklops the Severer (Minotaur Fighter)           Turns: 16891, Time: 00:45:40

Health: -1/132     AC: 24    Str: 37    XL:     14   Next: 87%
Magic:  13/19      EV: 12    Int:  8    God:    Okawaru [******]
Gold:   1058       SH:  0    Dex: 11    Spells: 13/13 levels left

rFire    + . .     SeeInvis .   T - +1 executioner's axe (flame)
rCold    + + +     Gourm    .   (shield currently unavailable)
rNeg     . . .     Faith    .   E - +1 plate armour
rPois    .         Spirit   .   v - +1 hat {MR+}
rElec    .         Reflect  .   a - scarf {rC+ rF+}
rCorr    .         Harm     .   t - +2 pair of gloves {Str+3}
MR       ++...                  N - +0 pair of boots
Stlth    ..........             Q - amulet of regeneration
HPRegen  0.72/turn              S - +2 ring of strength
MPRegen  0.16/turn              b - ring "Pedint" {+Blink rC++ AC-2 Str+2 Int+3}

@: mighty, heroism, finesse
A: retaliatory headbutt, horns 2
a: Heroism, Finesse, Renounce Religion, Evoke Blink


You were on level 1 of the Orcish Mines.
You worshipped Okawaru.
Okawaru was exalted by your worship.
You were hungry.

You visited 4 branches of the dungeon, and saw 18 of its levels.
You visited the Abyss 1 time.
You also visited: Ossuary.

You collected 1058 gold pieces.

Inventory:

Hand Weapons
 x - a +3 broad axe of flaming
 T - a +1 executioner's axe of flaming (weapon)
Armour
 a - a scarf of resistance (worn)
 s - a scarf of cloud immunity
 t - a +2 pair of gloves of strength (worn)
 v - a +1 hat of magic resistance (worn)
 E - a +1 plate armour (worn)
 L - a +2 cloak of magic resistance
 N - a +0 pair of boots (worn)
Jewellery
 b - the ring "Pedint" (right hand) {+Blink rC++ AC-2 Str+2 Int+3}
   (You found it on level 7 of the Dungeon)

   [ring of protection]

   It affects your AC (-2).
   It affects your strength (+2).
   It affects your intelligence (+3).
   It greatly protects you from cold.
   It lets you blink.
 F - an uncursed ring of protection from fire
 Q - an amulet of regeneration (around neck)
 S - a +2 ring of strength (left hand)
 V - an uncursed ring of wizardry {unknown}
Wands
 k - a wand of polymorph (10)
 r - a wand of scattershot (7)
 A - a wand of random effects (50)
 C - a wand of flame (36)
 G - a wand of digging (9)
 P - a wand of acid (33)
 R - a wand of paralysis (15)
Scrolls
 c - 2 scrolls of blinking
 e - 8 scrolls of remove curse
 g - 7 scrolls of fear
 l - 9 scrolls of teleportation
 m - 3 scrolls of enchant armour
 q - 4 scrolls of magic mapping
 w - 2 scrolls of holy word
 y - 12 scrolls of amnesia
 D - 2 scrolls of enchant weapon
 U - 2 scrolls of fog
 W - a scroll of silence {unknown}
 Y - a scroll of identify
Potions
 h - 5 potions of flight
 j - 4 potions of heal wounds
 n - 6 potions of curing
 o - 5 potions of brilliance
 u - a potion of ambrosia
 I - 3 potions of cancellation
 J - 4 potions of haste
 M - 2 potions of magic
 O - 2 potions of berserk rage
 Z - a potion of resistance
Comestibles
 f - 31 rations


   Skills:
 + Level 14.3(19.3) Fighting
 + Level 15.0(20.0) Axes
 + Level 14.7(19.7) Armour
 - Level 2.2(7.2) Dodging
 - Level 0.7(5.7) Stealth
   Level 12.0(17.0) Shields
 - Level 8.9 Invocations
 + Level 8.0 Evocations


You had 13 spell levels left.
You didn't know any spells.
Your spell library contained the following spells:

 Spells                   Type           Power        Failure   Level  Hunger
 Animate Skeleton         Necr           N/A          80%         1    ##.....
 Apportation              Tloc           #.....       80%         1    ##.....
 Beastly Appendage        Tmut           #.....       80%         1    ##.....
 Confusing Touch          Hex            #.....       80%         1    ##.....
 Summon Small Mammal      Summ           #...         80%         1    ##.....
 Sticks to Snakes         Tmut           #.......     91%         2    ###....
 Ignite Poison            Fire/Tmut/Pois #.......     99%         3    ####...
 Spider Form              Tmut/Pois      #.........   99%         3    ####...
 Ice Form                 Ice/Tmut       #.......     100%        4    #####..
 Blade Hands              Tmut           #.........   100%        5    ######.
 Fireball                 Conj/Fire      #.........   100%        5    ######.
 Bolt of Fire             Conj/Fire      #.........   100%        6    #######
 Ring of Flames           Chrm/Fire      #.........   100%        7    #######
 Ignition                 Fire           #.........   100%        8    #######


Dungeon Overview and Level Annotations

Branches:
Dungeon (10/15)            Temple (1/1) D:4            Lair (6/6) D:10
  Swamp (0/4) Lair:2       Spider (0/4) Lair:3        Slime (0/5) Lair:6
    Orc (1/2) D:10

Altars:
Cheibriados
Dithmenos
Fedhas
Gozag
Makhleb
Okawaru
Qazlal
Ru
Sif Muna
Trog
Vehumet
Yredelemnul
Zin
Jiyva

Annotations:
D:7 1 runed translucent door
D:8 3 runed translucent doors, Borgoz's ghost, novice GrFi
Lair:2 exclusion: 2 oklob plants


Innate Abilities, Weirdness & Mutations

You reflexively headbutt those who attack you in melee.
You have a pair of horns on your head.


Message History

You hear a shout! x2
You are too injured to fight recklessly!
You are too injured to fight recklessly!
You feel very mighty all of a sudden.
An orc sorcerer comes into view.
It is wielding a +0 dagger and wearing a +2 robe of magic resistance.
The orc knight hits you with a +0 long sword.
* * * LOW HITPOINT WARNING * * *
The ogre closely misses you.
The orc priest looks satisfied for a moment.
You closely miss the orc knight. Your headbutt misses the orc knight.
The orc knight is lightly wounded.
You slice the ogre!! You burn the ogre. You closely miss the orc warrior.
You closely miss the orc. The orc hits you but does no damage.
The orc warrior hits you with a +2 long sword of slicing!
* * * LOW HITPOINT WARNING * * *
x2 Unknown command.
The ogre hits you with a +0 giant club!
* * * LOW HITPOINT WARNING * * *
The orc knight hits you with a +0 long sword!
You die...

......####..##
#......#.....####
.......#........##
#..))o..# ....##
###[..####.....#
#....oo.#.....
#.....##oo.#..##
##$... #.ooO...#
#... ##..@<.##
#... ##...## ###
#####


You could see 2 orc knights, an orc warrior, an ogre, an orc priest and 3 orcs.

Vanquished Creatures
  A lich (Abyss:2)
  Rupert (Lair:4)
  A tentacled starspawn (Abyss:2)
  Gastronok (Lair:1)
  2 entropy weavers (Lair:4)
  Josephine (D:10)
  Harold (D:9)
  4 hydras
  3 catoblepae (Lair:6)
  A queen ant (Lair:4)
  A thrashing horror (Abyss:2)
  8 death yaks (Lair:6)
  Urug (Lair:1)
  Sonja (Lair:5)
  An orc knight (Orc:1)
  Pikel (D:9)
  An ugly thing (D:7)
  An orb spider (Lair:3)
  2 manticores (Lair:6)
  15 elephants
  Maurice (D:9)
  5 black mambas
  4 torpor snails (Lair:2)
  A gargoyle (D:7)
  2 rime drakes (Lair:6)
  A smoke demon (Abyss:2)
  10 spiny frogs
  An orange demon (Abyss:2)
  A kobold demonologist (D:9)
  6 komodo dragons
  An ancient zyme (Abyss:1)
  2 polar bears
  3 trolls
  Grinder (D:5)
  17 blink frogs
  5 dream sheep (Lair:6)
  2 large abominations
  8 hippogriffs
  A spriggan (Lair:1)
  A ynoxinul (Abyss:2)
  5 wraiths (D:10)
  53 yaks
  4 wyverns
  2 fire bats (Abyss:2)
  A basilisk (Lair:5)
  A steam dragon (D:9)
  A chaos spawn (Abyss:2)
  16 soldier ants
  9 water moccasins
  7 porcupines
  4 orc warriors
  A slave (D:9)
  An ice beast (D:9)
  2 black bears
  4 sky beasts
  6 ogres
  A necrophage (D:7)
  4 wolves (Lair:6)
  2 phantoms (D:4)
  3 centaurs
  13 crocodiles
  3 small abominations
  13 big kobolds
  6 bullfrogs
  4 scorpions
  13 killer bees
  2 howler monkeys
  A wight (D:7)
  4 crimson imps (D:7)
  2 bullfrog zombies
  3 lava snakes (D:10)
  5 jellies
  4 hounds
  3 quasits
  A centaur skeleton (D:8)
  4 orc priests
  2 bullfrog skeletons
  An iguana (D:4)
  12 orc wizards
  34 worker ants
  A killer bee zombie (D:8)
  A hound skeleton (D:7)
  4 mummies
  A howler monkey zombie (D:8)
  A worker ant zombie (D:7)
  3 gnolls (D:10)
  21 adders
  2 shadow imps
  6 oozes
  An adder skeleton (D:7)
  6 adder zombies
  3 worms
  2 dart slugs (D:2)
  6 leopard geckos
  38 orcs
  8 bats
  8 giant cockroaches
  A gnoll zombie (Ossuary)
  6 goblins
  4 hobgoblins
  6 jackals
  4 quokkas
  2 frilled lizards
  2 goblin zombies (Ossuary)
  A hobgoblin zombie (Ossuary)
  3 jackal zombies
  20 kobolds
  4 kobold zombies (Ossuary)
  3 quokka zombies (Ossuary)
  6 rats
  3 rat zombies (Ossuary)
  A bush (Lair:1)
  2 fungi
  4 plants
  2 starspawn tentacles (Abyss:2)
564 creatures vanquished.

Vanquished Creatures (others)
  10 fungi
  18 plants
  2 starspawn tentacles (Abyss:2)
30 creatures vanquished.

Grand Total: 594 creatures vanquished

Notes
Turn   | Place    | Note
-------+----------+-------------------------------------------
     0 | D:1      | lysyklops the Minotaur Fighter began the quest for the Orb.
     0 | D:1      | Reached XP level 1. HP: 19/19 MP: 0/0
   209 | D:1      | Reached XP level 2. HP: 27/27 MP: 1/1
   803 | D:2      | Reached XP level 3. HP: 6/33 MP: 2/2
  1156 | D:2      | Reached skill level 3 in Axes
  1395 | D:2      | Reached XP level 4. HP: 39/40 MP: 3/3
  1930 | D:3      | Reached skill level 4 in Axes
  2433 | D:4      | Found a staircase to the Ecumenical Temple.
  2436 | D:4      | Reached XP level 5. HP: 46/46 MP: 4/4
  2441 | Temple   | Entered the Ecumenical Temple
  2454 | Temple   | Became a worshipper of Warmaster Okawaru
  2523 | D:4      | Reached skill level 1 in Dodging
  2564 | D:4      | Noticed a phantom
  2569 | D:4      | Reached skill level 5 in Axes
  2569 | D:4      | Reached skill level 5 in Armour
  2577 | D:4      | Noticed a phantom
  2577 | D:4      | Killed a phantom
  2577 | D:4      | Reached * piety under Okawaru
  2577 | D:4      | Reached skill level 5 in Shields
  2577 | D:4      | Reached XP level 6. HP: 44/52 MP: 5/5
  2808 | D:4      | Found a sacrificial altar of Ru.
  2934 | D:5      | Entered Level 5 of the Dungeon
  2958 | D:5      | Reached XP level 7. HP: 43/60 MP: 6/6
  2966 | D:5      | Reached skill level 6 in Axes
  3095 | D:5      | Reached ** piety under Okawaru
  3100 | D:5      | Noticed Grinder
  3109 | D:5      | Paralysed by Grinder for 5 turns
  3122 | D:5      | Paralysed by Grinder for 3 turns
  3126 | D:5      | Killed Grinder
  3166 | D:5      | Reached skill level 5 in Fighting
  3166 | D:5      | Reached skill level 7 in Axes
  3240 | D:5      | Found a sand-covered staircase.
  3252 | Ossuary  | Entered an ossuary
  3273 | Ossuary  | Reached XP level 8. HP: 5/68 MP: 4/7
  3582 | Ossuary  | Reached skill level 1 in Invocations
  3745 | D:5      | Found a deep blue altar of Sif Muna.
  3748 | D:5      | Found a burning altar of Makhleb.
  3751 | D:5      | Found a shadowy altar of Dithmenos.
  3754 | D:5      | Found a glowing silver altar of Zin.
  4815 | D:7      | Noticed a white ugly thing
  4832 | D:7      | Killed a white ugly thing
  4832 | D:7      | Reached skill level 8 in Axes
  4832 | D:7      | Reached XP level 9. HP: 35/78 MP: 7/10
  4840 | D:7      | Reached *** piety under Okawaru
  4854 | D:7      | HP: 2/78 [killer bee (5)]
  5822 | D:7      | Reached skill level 9 in Axes
  5947 | D:7      | Found a runed translucent door.
  5947 | D:7      | Found a runed translucent door.
  5979 | D:7      | Reached **** piety under Okawaru
  6253 | D:7      | Noticed a gargoyle
  6292 | D:7      | Killed a gargoyle
  6292 | D:7      | Received a gift from Okawaru
  6292 | D:7      | Reached skill level 5 in Invocations
  6292 | D:7      | Reached XP level 10. HP: 58/88 MP: 9/12
  6317 | D:7      | Got a wavering tin ring
  6317 | D:7      | Got a glittering iron ring
  6592 | D:8      | Found a runed translucent gate.
  6593 | D:8      | Found a runed translucent gate.
  6593 | D:8      | Noticed Borgoz's ghost (novice GrFi)
  6594 | D:8      | Found a runed translucent gate.
  6594 | D:8      | Noticed a nine-headed hydra
  7267 | D:9      | Reached ***** piety under Okawaru
  7285 | D:9      | Reached skill level 10 in Axes
  7427 | D:9      | Found a basalt altar of Yredelemnul.
  7441 | D:9      | Noticed Maurice
  7448 | D:9      | Identified the ring "Bisu Vit" {+Fly Slay+2} (You found it
                  | on level 7 of the Dungeon)
  7458 | D:9      | Killed Maurice
  7687 | D:9      | Noticed Pikel
  7704 | D:9      | Killed Pikel
  7729 | D:9      | Reached skill level 10 in Armour
  7811 | D:9      | Noticed Harold
  7827 | D:9      | Killed Harold
  7827 | D:9      | Received a gift from Okawaru
  7827 | D:9      | Reached XP level 11. HP: 57/97 MP: 12/14
  8014 | D:10     | Entered Level 10 of the Dungeon
  8267 | D:9      | Reached skill level 10 in Shields
  8593 | D:10     | Found a staircase to the Orcish Mines.
  8603 | D:10     | Found a staircase to the Lair.
  8727 | D:10     | Noticed Josephine
  8737 | D:10     | Killed Josephine
  8737 | D:10     | Reached skill level 11 in Axes
  8803 | D:10     | Reached skill level 10 in Fighting
  9093 | Lair:1   | Entered Level 1 of the Lair of Beasts
  9179 | Lair:1   | Noticed Gastronok
  9216 | Lair:1   | Killed Gastronok
  9216 | Lair:1   | Reached ****** piety under Okawaru
  9216 | Lair:1   | Received a gift from Okawaru
  9669 | Lair:1   | Noticed a five-headed hydra
  9679 | Lair:1   | Killed a five-headed hydra
  9757 | Lair:1   | Noticed Urug
  9776 | Lair:1   | Killed Urug
  9864 | Lair:1   | Reached XP level 12. HP: 43/108 MP: 16/16
 10102 | Lair:1   | Identified the cursed ring "Pedint" {+Blink rC++ AC-2 Str+2
                  | Int+3} (You found it on level 7 of the Dungeon)
 10130 | Lair:1   | Identified a scroll of acquirement
 10397 | Lair:2   | Received a gift from Okawaru
 10424 | Lair:2   | Found a staircase to the Swamp.
 10594 | Lair:2   | Noticed a five-headed hydra
 10610 | Lair:2   | Killed a six-headed hydra
 10610 | Lair:2   | Received a gift from Okawaru
 10610 | Lair:2   | Reached skill level 1 in Evocations
 10734 | Lair:2   | Found a snail-covered altar of Cheibriados.
 10966 | Lair:2   | Reached skill level 12 in Axes
 11454 | Lair:3   | Found a hole to the Spider Nest.
 11988 | Lair:4   | Received a gift from Okawaru
 12329 | Lair:4   | Noticed Rupert
 12334 | Lair:4   | Paralysed by Rupert for 6 turns
 12354 | Lair:4   | Killed Rupert
 12364 | Lair:4   | Reached XP level 13. HP: 19/117 MP: 4/18
 13174 | Lair:5   | Noticed Sonja
 13199 | Lair:5   | Cast into level 1 of the Abyss (Sonja)
 13225 | Abyss:1  | Noticed a lich
 13323 | Abyss:2  | Noticed a lich
 13331 | Abyss:2  | Paralysed by a lich for 6 turns
 13335 | Abyss:2  | HP: 4/118 [thrashing horror (8)]
 13347 | Abyss:2  | Killed a lich
 13347 | Abyss:2  | Received a gift from Okawaru
 13347 | Abyss:2  | Reached skill level 13 in Axes
 13466 | Abyss:2  | Noticed a tentacled starspawn
 13481 | Abyss:2  | Killed a tentacled starspawn
 13481 | Abyss:2  | Reached skill level 5 in Evocations
 13535 | Lair:5   | Escaped the Abyss
 13580 | Lair:5   | Killed Sonja
 13651 | Lair:5   | Noticed an entropy weaver
 13653 | Lair:5   | Noticed an entropy weaver
 13720 | Lair:4   | Killed an entropy weaver
 13999 | Lair:4   | Killed an entropy weaver
 14575 | Lair:5   | Reached XP level 14. HP: 129/129 MP: 19/19
 14808 | Lair:6   | Entered Level 6 of the Lair of Beasts
 14822 | Lair:6   | Received a gift from Okawaru
 14835 | Lair:6   | Reached skill level 14 in Axes
 15064 | Lair:6   | Found a viscous altar of Jiyva.
 15064 | Lair:6   | Found a staircase to the Slime Pits.
 15796 | Lair:6   | Received a gift from Okawaru
 16864 | Orc:1    | Entered Level 1 of the Orcish Mines
 16872 | Orc:1    | Reached skill level 15 in Axes
 16891 | Orc:1    | Slain by an orc knight

Skill      XL: |  1  2  3  4  5  6  7  8  9 10 11 12 13 14 |
---------------+-------------------------------------------+-----
Armour         | 4 5 6 7 8 10 11 12 13 14 | 14.7
Fighting       | 4 5 6 7 9 10 11 13 14 | 14.3
Shields        | 4 5 6 7 8 9 11 12 | 12.0
Axes           | 3 4 5 7 8 9 10 11 12 13 15 | 15.0
Dodging        | 1 2 |  2.2
Invocations    | 3 5 6 7 8 |  8.9
Evocations     | 3 6 8 |  8.0
Stealth        | |  0.7

Action                   |  1- 3 |  4- 6 |  7- 9 | 10-12 | 13-15 || total
-------------------------+-------+-------+-------+-------+-------++-------
Melee: War axe           |   105 |    29 |       |       |       ||   134
       Headbutt          |     9 |    13 |    55 |   108 |   126 ||   311
       Hand axe          |       |    40 |   326 |   360 |       ||   726
       Broad axe         |       |       |       |   191 |       ||   191
       Executioner's axe |       |       |       |       |   472 ||   472
Invok: Heroism           |       |       |     4 |     5 |     9 ||    18
       Finesse           |       |       |       |       |     5 ||     5
 Abil: Evoke Blink       |       |       |       |       |     1 ||     1
Evoke: Wand              |       |       |       |    23 |       ||    23
  Use: Potion            |     1 |       |     2 |       |     8 ||    11
       Scroll            |       |       |       |    17 |    12 ||    29
  Eat: Chunk             |     1 |     5 |     7 |    14 |     8 ||    35
       Ration            |       |       |     1 |     2 |     2 ||     5
Armor: Scale mail        |    54 |    16 |    67 |       |       ||   137
       Plate armour      |       |       |     7 |   262 |   532 ||   801
Dodge: Dodged            |    22 |    24 |    70 |   138 |   300 ||   554
Block: Shield            |    65 |    26 |   161 |   321 |       ||   573
